 Dungeon Crawl Stone Soup version 0.31.0-9-g3a7656b989 (webtiles) character file.

Game seed: 12254015859775300941

45 qw the Shooter (level 3, -2/18 HPs)
             Began as a Spriggan Hunter on Feb 2, 2024.
             Slain by a goblin
             ... wielding a +0 club
              (4 damage)
             ... on level 2 of the Dungeon.
             The game lasted 00:00:02 (923 turns).

qw the Shooter (Spriggan Hunter)                     Turns: 923, Time: 00:00:03

Health: -2/18      AC:  2    Str:  7    XL:     3   Next: 42%
Magic:  4/4        EV: 16    Int: 10    God:
Gold:   14         SH:  0    Dex: 20    Spells: 2/2 levels left

rFire   . . .        a - +0 shortbow
rCold   . . .        (shield currently unavailable)
rNeg    . . .        c - +0 robe
rPois   .            (helmet restricted)
rElec   .            (no cloak)
rCorr   .            (gloves unavailable)
SInv    +            (boots unavailable)
Will    .....        (no amulet)
Stlth   ++           (no ring)
HPRegen 0.23/turn    (no ring)
MPRegen 0.09/turn

%: no passive effects
@: constricted, very quick
A: very small, no large weapons, unfitting armour, see invisible, speed 3
a: no special abilities


You were on level 2 of the Dungeon.
You visited 1 branch of the dungeon, and saw 2 of its levels.

You collected 14 gold pieces.


Innate Abilities, Weirdness & Mutations

You are very small and have problems with some larger weapons.
You are too small for most types of armour.
You have supernaturally acute eyesight. (SInv)
You cover ground extremely quickly. (Speed+++)


   Skills:
 - Level 1.5 Fighting
 + Level 4.7 Ranged Weapons
 - Level 4.0 Dodging
 - Level 1.5 Stealth


You had 2 spell levels left.
You didn't know any spells.
Your spell library was empty.

Inventory:

Hand Weapons
 a - a +0 shortbow (weapon)
Armour
 c - a +0 robe (worn)
Potions
 i - a potion of curing
 j - a potion of enlightenment {unknown}

Dungeon Overview and Level Annotations

Branches:
Dungeon (2/15)

Altars:


Message History

You shoot an arrow.
The arrow completely misses the ball python.
The ball python bites you but does no damage.
The ball python constricts you. The ball python completely misses you.
The ball python constricts you.
You shoot an arrow. The arrow hits the ball python.
You kill the ball python!
The goblin hits you but does no damage.
You shoot an arrow. The arrow barely misses the goblin.
The goblin misses you.
You shoot an arrow. The arrow barely misses the goblin.
The goblin barely misses you. The adder misses you.
You shoot an arrow. The arrow hits the adder!
You kill the adder!
The goblin barely misses you.
You shoot an arrow.
The arrow hits the ball python but does no damage.
The ball python closely misses you. The ball python barely misses you.
The goblin closely misses you. The ball python bites you.
The ball python closely misses you.
You shoot an arrow.
The arrow hits the ball python but does no damage.
The goblin hits you with a +0 club. The ball python closely misses you.
The ball python grabs you. The ball python constricts you.
The endoplasm misses you. The goblin misses you.
You shoot an arrow.
The arrow barely misses the ball python.
The ball python bites you. The ball python constricts you.
The goblin hits you with a +0 club. The endoplasm misses you.
You shoot an arrow.
The arrow closely misses the ball python.
The ball python barely misses you. The ball python constricts you.
The goblin misses you. The endoplasm freezes you.
You are frozen.
The ball python completely misses you. The ball python constricts you.
You shoot an arrow.
The arrow completely misses the ball python.
The endoplasm misses you. The goblin hits you with a +0 club.
You die...

#.#..###### #.
#.[# #.#.##
#..#..$ #.#.#
#.#... ##...#
#...$. #..###
.#..... ##.##
....... ###..#
......g###...##
......S@.%.###
##....J...##
##########


You could see an endoplasm, a goblin and a ball python.

Vanquished Creatures
  2 adders (D:2)
  A dart slug (D:2)
  3 endoplasms
  3 giant cockroaches (D:1)
  3 goblins
  A hobgoblin (D:1)
  4 ball pythons
  2 bats (D:1)
  3 kobolds
  2 rats (D:1)
24 creatures vanquished.

Notes
Turn   | Place    | Note
-------+----------+-------------------------------------------
     0 | D:1      | qw the Spriggan Hunter began the quest for the Orb.
     0 | D:1      | Reached XP level 1. HP: 10/10 MP: 2/2
     0 | D:1      | 0 ||| qw: Version: 0.3-a-155-g5e7d8dd
     0 | D:1      | 0 ||| qw: Game counter: 2586
     0 | D:1      | 0 ||| qw: Melee chars always use a shield: true
     0 | D:1      | 0 ||| qw: God list: Okawaru
     0 | D:1      | 0 ||| qw: Allow faded altars: false
     0 | D:1      | 0 ||| qw: Do Orc after clearing Dungeon:15 true
     0 | D:1      | 0 ||| qw: Do second Lair branch before Depths: true
     0 | D:1      | 0 ||| qw: Lair rune preference: random
     0 | D:1      | 0 ||| qw: Goals: Normal
     0 | D:1      | 0 ||| PLANNING D:1-11
    32 | D:1      | Reached skill level 3 in Dodging
   224 | D:1      | Reached XP level 2. HP: 14/14 MP: 3/3
   718 | D:1      | 718 ||| READING scroll labelled WUIRIQ OHAOH.
   723 | D:1      | 723 ||| READING scroll labelled WUYXIA TIOWKOI.
   724 | D:1      | 724 ||| READING scroll labelled DAEKHLE TIODUD.
   725 | D:1      | 725 ||| READING scroll labelled LEBIER OLUKLI.
   751 | D:1      | 751 ||| READING scroll labelled XOEMYV CAIF.
   751 | D:1      | 751 ||| IDENTIFYING white potion
   752 | D:1      | 752 ||| DROPPING scroll of butterflies.
   764 | D:2      | 764 ||| STAIRDANCE
   907 | D:2      | Reached XP level 3. HP: 18/18 MP: 4/4
   922 | D:2      | HP: 1/18 [frozen (5)]
   923 | D:2      | Slain by a goblin

Levels and vault maps discovered:
D:1:      shiori_arrival_maze, layout_basic, item_on_display_a
D:2:      layout_basic, minmay_randomly_rotated_circles

Skill      XL: |  1  2 |
---------------+-------+-----
Dodging        | 3 4 |  4.0
Fighting       | |  1.5
Ranged Weapons | |  4.7
Stealth        | |  1.5

Action                     || total
---------------------------++-------
   Fire: Shortbow          ||    61
    Use: Scroll            ||     5
 Armour: Robe              ||    16
  Dodge: Dodged            ||    34

Table legend:
 A = Non-vault XP
 B = Vault XP
 C = Vault XP percentage of total XP
 D = Non-vault monster count
 E = Vault monster count
 F = Vault count percentage of total count
                 A         B        C        D         E       F
            +---------+---------+-------+---------+---------+-------
      Total |      47 |      18 |  27.7 |      20 |       4 |  16.7
            +---------+---------+-------+---------+---------+-------
        D:1 |      20 |       3 |  13.0 |      13 |       2 |  13.3
        D:2 |      27 |      15 |  35.7 |       7 |       2 |  22.2
            +---------+---------+-------+---------+---------+-------
